 Dungeon Crawl Stone Soup version 0.22.0-40-g68aacdc (webtiles) character file.

15 Folque the Caller (level 2, 0/12 HPs)
             Began as a Felid Summoner on Sept 1, 2018.
             Succumbed to an adder's poison
             ... on level 2 of the Dungeon.
             The game lasted 00:04:15 (1173 turns).

Folque the Caller (Felid Summoner)                  Turns: 1173, Time: 00:04:16

Health: 0/12       AC:  1    Str:  4    XL:     2   Next: 34%
Magic:  3/6        EV: 23    Int: 16    God:
Gold:   105        SH:  0    Dex: 21    Spells: 2/5 levels left
                                        Lives:  0   Deaths: 0

rFire    . . .     SeeInvis +   (weapon unavailable)
rCold    . . .     Gourm    .   (shield unavailable)
rNeg     . . .     Faith    .   (armour unavailable)
rPois    .         Spirit   .   (helmet unavailable)
rElec    .         Reflect  .   (cloak unavailable)
rCorr    .         Harm     .   (gloves unavailable)
MR       .....                  (boots unavailable)
Stlth    ++++......             (no amulet)
HPRegen  0.04/turn              (no ring)
MPRegen  0.10/turn              (no ring)

@: agile, lethally poisoned (0 -> -3), quick
A: very small, no armour, no weapons or thrown items, stealth, claws 1, fangs 3,
see invisible, carnivore, speed 1, shaggy fur 1, slow metabolism 1, sharp paws
a: no special abilities


You were on level 2 of the Dungeon.
You were completely stuffed.

You visited 1 branch of the dungeon, and saw 2 of its levels.

You collected 105 gold pieces.

Inventory:

Scrolls
 a - a scroll of enchant armour {unknown}
 e - a scroll of magic mapping {unknown}
 g - a scroll of blinking {unknown}
Potions
 c - a potion of curing {unknown}
 f - a potion of brilliance {unknown}
 i - a potion of invisibility {unknown}
Comestibles
 b - 3 rations


   Skills:
 + Level 0.7 Fighting
 - Level 2.6 Dodging
 - Level 2.6 Stealth
 + Level 2.2 Spellcasting
 * Level 4.3 Summonings


You had 2 spell levels left.
You knew the following spells:

 Your Spells              Type           Power        Failure   Level  Hunger
a - Summon Small Mammal   Summ           ###.         3%          1    #......
b - Call Imp              Summ           ###.....     5%          2    ###....

Your spell library contained the following spells:

 Spells                   Type           Power        Failure   Level  Hunger
 Call Canine Familiar     Summ           ###.....     11%         3    ###....
 Summon Guardian Golem    Hex/Summ       #.......     26%         3    ###....
 Summon Ice Beast         Ice/Summ       #.......     63%         4    #####..
 Summon Lightning Spire   Summ/Air       #.......     63%         4    #####..


Dungeon Overview and Level Annotations

Branches:
Dungeon (2/15)

Altars:


Innate Abilities, Weirdness & Mutations

You cannot wear armour.
You are incapable of wielding weapons or throwing items.
Your paws allow you to move quietly. (Stealth)
You have sharp claws.
You have razor-sharp teeth.
You have supernaturally acute eyesight. (SInv)
You are carnivorous and can eat meat at any time.
You cover ground quickly.
You are covered in fur. (AC +1)
You have a slow metabolism.
Your sharp claws are effective at attacking unaware monsters.


Message History

You see here a sling bullet.
Your iron imp closely misses the adder.
Your crimson imp hits the adder.
Found a stone staircase leading down.
A hobgoblin comes into view.
The hobgoblin shouts!
The goblin shoots a sling bullet.
The sling bullet hits your iron imp.
Your crimson imp blinks!
You see here a sling bullet.
You feel sick.
The goblin shoots a sling bullet.
The sling bullet barely misses you.
Your crimson imp blinks!
You see here a sling bullet.
As you read the scroll labeled XUILEH ZIRACH, it crumbles to dust.
You feel blessed for a moment.
It was a scroll of remove curse.
The hobgoblin hits you.
* * * LOW HITPOINT WARNING * * *
It was a potion of agility.
You feel agile all of a sudden. The hobgoblin completely misses you.
You die...

.# ###########.#
............#
............#
............# ####
.)..........# ...#
............# .#.# #@#
.#.# #.#
...#############g#
...............>S#
......#.#.######(#######
#####.#.........5.......
#.#....#...(....###.
#(..........5...#
###....#........#


You could see an adder, a hobgoblin, a friendly iron imp and a friendly crimson
imp.

Vanquished Creatures
  2 goblins (D:1)
  A ball python (D:1)
  4 bats
  2 frilled lizards (D:1)
  4 rats (D:1)
13 creatures vanquished.

Vanquished Creatures (collateral kills)
  A goblin (D:1)
  2 hobgoblins (D:1)
  2 bats
  A frilled lizard (D:1)
6 creatures vanquished.

Grand Total: 19 creatures vanquished

Notes
Turn   | Place    | Note
-------+----------+-------------------------------------------
     0 | D:1      | Folque the Felid Summoner began the quest for the Orb.
     0 | D:1      | Reached XP level 1. HP: 7/7 MP: 4/4
   379 | D:1      | Reached XP level 2. HP: 12/12 MP: 6/6
   393 | D:1      | Learned a level 2 spell: Call Imp
  1173 | D:2      | Succumbed to an adder's poison

Action                   || total
-------------------------++-------
Melee: Unarmed           ||    31
       Bite              ||     3
 Cast: Summon Small Mamm ||     8
       Call Imp          ||     2
  Use: Scroll            ||     1
       Potion            ||     1
 Stab: Sleeping          ||    12
  Eat: Chunk             ||     8
Armor: Skin              ||     1
Dodge: Dodged            ||    39
